[Event "Titled Tuesday Blitz January 31 Early 2023"]
[White "Vetokhin, Ilia"]
[Black "Rose, Felix"]
[WhiteFideId "24156078"]
[BlackFideId "5105722"]
[WhiteElo "2305"]
[BlackElo "2091"]
[Result "0-1"]
[Round "02"]
[TimeControl "180+2"]
[Date "2023.01.31"]
[WhiteClock "0:00:04"]
[BlackClock "0:00:17"]

1. b3 e5 2. Bb2 Nc6 3. c4 Nf6 4. e3 d5 5. cxd5 Nxd5 6. a3 Be6 7. Qc2 Qd7 8. Nf3 f6 9. b4 O-O-O 10. b5 Na5 11. d4 e4 12. Nfd2 f5 13. Nc3 Be7 14. Nxd5 Qxd5 15. Bc3 Nb3 16. Bc4 Nxa1 17. Qa2 Nc2+ 18. Kd1 Nxe3+ 19. fxe3 Qxb5 20. Bxe6+ Kb8 21. Bc4 Qa4+ 22. Bb3 Qxa3 23. Qxa3 Bxa3 24. Kc2 Bd6 25. h3 Rhf8 26. Rf1 g5 27. Be6 f4 28. Nxe4 fxe3 29. Rxf8 Rxf8 30. Kd3 Bf4 31. g3 Re8 32. gxf4 Rxe6 33. f5 Re8 34. f6 e2 35. f7 Rf8 36. Nxg5 h6 37. Nf3 Rxf7 38. Kxe2 b6 39. Bd2 a5 40. Bxh6 Rh7 41. Bd2 Rxh3 42. Ne5 a4 43. Kd1 b5 44. Kc2 Kb7 45. Nd3 Kc6 46. Nb4+ Kd6 47. Bf4+ Kd7 48. Na6 a3 49. Kb1 c6 50. Nc5+ Ke7 51. Be5 Kf7 52. Nb7 Ke6 53. Na5 Kd5 54. Ka1 c5 55. dxc5 Kxe5 56. c6 Kd6 57. Kb1 b4 58. Ka1 b3 59. Nc4+ Kxc6 60. Nxa3 Kc5 61. Nb1 Kb4 62. Kb2 Rh2+ 63. Ka1 Ka4 64. Nc3+ Ka5 65. Kb1 Rc2 66. Nd1 Kb4 67. Nb2 Kc3 68. Na4+ Kd2 69. Nb2 Rc1# 0-1


[Site "https://www.chess.com"]

[Event "Titled Tuesday Blitz January 31 Early 2023"]
[White "Golubev, Mikhail"]
[Black "Samaganova, Aleksandra"]
[WhiteFideId "14100983"]
[BlackFideId "13800221"]
[WhiteElo "2461"]
[BlackElo "1856"]
[Result "0-1"]
[Round "02"]
[TimeControl "180+2"]
[Date "2023.01.31"]
[WhiteClock "0:00:01"]
[BlackClock "0:00:06"]

1. e4 c5 2. Nf3 e6 3. d4 cxd4 4. Nxd4 a6 5. Bd3 Qc7 6. O-O Nf6 7. Qe2 d6 8. c4 b6 9. Nc3 Bb7 10. f4 Nbd7 11. f5 e5 12. Nc2 Rc8 13. Ne3 Be7 14. Bd2 Qb8 15. Ncd5 Bxd5 16. Nxd5 Nxd5 17. cxd5 b5 18. a4 bxa4 19. Rxa4 Nc5 20. Rb4 Qa7 21. Kh1 O-O 22. Bb1 f6 23. Bc3 Rb8 24. Rc1 a5 25. Rxb8 Rxb8 26. Qc4 h6 27. Bc2 Bd8 28. Ra1 Qb7 29. h3 Bb6 30. Qb5 Qc7 31. Qc4 Ra8 32. Qb5 Kh7 33. Qe2 Rb8 34. Kh2 Kh8 35. Qg4 Qd8 36. Qe2 Qc7 37. g4 Qf7 38. h4 Ra8 39. Kg3 Bc7 40. g5 fxg5 41. hxg5 Bd8 42. g6 Qf6 0-1


[Site "https://www.chess.com"]

[Event "Titled Tuesday Blitz January 31 Early 2023"]
[White "Womacka, Mathias"]
[Black "Bobomurodova, Maftuna"]
[WhiteFideId "4611390"]
[BlackFideId "14207400"]
[WhiteElo "2396"]
[BlackElo "1946"]
[Result "1-0"]
[Round "02"]
[TimeControl "180+2"]
[Date "2023.01.31"]
[WhiteClock "0:01:54"]
[BlackClock "0:01:39"]

1. e4 e5 2. Nf3 Nc6 3. Bb5 Nf6 4. O-O Nxe4 5. Re1 Nd6 6. Nxe5 Nxe5 7. Rxe5+ Be7 8. Bf1 O-O 9. d4 Bf6 10. Re1 Re8 11. Bf4 Rxe1 12. Qxe1 Bxd4 13. Bxd6 cxd6 14. Nc3 Bf6 15. Nd5 Be5 16. f4 Bd4+ 17. Kh1 h6 18. Qe4 Bb6 19. Bd3 g6 20. f5 Qg5 21. fxg6 fxg6 22. Rf1 1-0


[Site "https://www.chess.com"]

[Event "Titled Tuesday Blitz January 31 Early 2023"]
[White "Bagrationi, Alexander"]
[Black "Smietanska, Wiktoria"]
[WhiteFideId "14104954"]
[BlackFideId "21869359"]
[WhiteElo "2454"]
[BlackElo "1936"]
[Result "1-0"]
[Round "02"]
[TimeControl "180+2"]
[Date "2023.01.31"]
[WhiteClock "0:00:37"]
[BlackClock "0:00:01"]

1. e4 c5 2. Be2 d5 3. exd5 Qxd5 4. Bf3 Qd6 5. Ne2 Nf6 6. d4 g6 7. Bf4 Qb6 8. Nbc3 Bg7 9. O-O cxd4 10. Qxd4 Qxd4 11. Nxd4 O-O 12. Ndb5 Na6 13. Rfe1 e6 14. Rad1 Nb4 15. Nc7 Rb8 16. a3 Nc6 17. N3b5 a6 18. Nd6 Bd7 19. b4 b5 20. Nxa6 Ra8 21. Nc5 Be8 22. Nxe8 Rfxe8 23. Bxc6 1-0


[Site "https://www.chess.com"]

[Event "Titled Tuesday Blitz January 31 Early 2023"]
[White "Vaglio Munoz, Jaime"]
[Black "Senthil, Maran K"]
[WhiteFideId "6500145"]
[BlackFideId "25035681"]
[WhiteElo "2174"]
[BlackElo "2209"]
[Result "0-1"]
[Round "02"]
[TimeControl "180+2"]
[Date "2023.01.31"]
[WhiteClock "0:00:12"]
[BlackClock "0:01:27"]

1. d4 Nf6 2. c4 e6 3. a3 d5 4. e3 Nbd7 5. f4 c5 6. Nf3 cxd4 7. exd4 dxc4 8. Bxc4 Nb6 9. Ba2 Bd7 10. O-O Be7 11. Nc3 O-O 12. f5 exf5 13. d5 Ne4 14. Bf4 Bf6 15. Be5 Re8 16. Qd4 Bxe5 17. Nxe5 Qf6 18. Nf3 Qxd4+ 19. Nxd4 g6 20. Ncb5 Rec8 21. a4 a6 22. a5 Na4 23. b3 axb5 24. bxa4 bxa4 25. Nf3 Rxa5 26. Ne5 Be8 27. Rad1 Kg7 28. Nc4 Rac5 29. Nb6 Rd8 30. Rd4 Rd6 31. Nxa4 Bxa4 32. Rxa4 Nc3 33. Ra3 Nxa2 34. Rxa2 Rcxd5 35. Rb2 Rd7 36. h3 Rd2 37. Rb6 Re2 38. Rf3 Rdd2 39. Rg3 Rb2 40. Kf1 Rxb6 41. Kxe2 Rb2+ 42. Kd1 b5 43. Kc1 Rf2 44. h4 Kh6 45. Kd1 f4 46. Rb3 Rxg2 47. Rxb5 f3 48. Ke1 f5 49. Kf1 Kh5 50. Rb7 h6 51. Rb4 g5 52. hxg5 hxg5 53. Ra4 g4 54. Ra5 Kg5 55. Ra4 Rb2 56. Ra1 g3 57. Kg1 Kg4 58. Kh1 Rh2+ 59. Kg1 f2+ 60. Kf1 Rh1+ 61. Ke2 Rxa1 0-1


[Site "https://www.chess.com"]

[Event "Titled Tuesday Blitz January 31 Early 2023"]
[White "Girsh, Daniel"]
[Black "Skuhala, Barbara"]
[WhiteFideId "30949190"]
[BlackFideId "14605465"]
[WhiteElo "2123"]
[BlackElo "2153"]
[Result "0-1"]
[Round "02"]
[TimeControl "180+2"]
[Date "2023.01.31"]
[WhiteClock "0:01:50"]
[BlackClock "0:02:33"]

1. e4 c5 2. Nf3 d6 3. d4 cxd4 4. Nxd4 Nf6 5. Nc3 a6 6. Be3 e5 7. Nb3 Be7 8. f3 Be6 9. Qd2 Nbd7 10. g4 O-O 11. O-O-O Rc8 12. g5 Nh5 13. Rg1 b5 14. Nd5 Bxd5 15. Qxd5 Qc7 16. Bd3 Nb6 17. Bxb6 Qxb6 18. Kb1 Nf4 19. g6 Nxd5 20. gxh7+ Kh8 21. exd5 a5 22. Nd2 a4 23. Bf5 Rc7 24. Ne4 g6 25. Bh3 a3 26. b3 f5 27. Ng3 Qc5 28. Rg2 Qc3 29. Kc1 Bg5+ 0-1


[Site "https://www.chess.com"]

[Event "Titled Tuesday Blitz January 31 Early 2023"]
[White "Martin, Lewis"]
[Black "Rangel, Daniel"]
[WhiteFideId "410551"]
[BlackFideId "2124475"]
[WhiteElo "2135"]
[BlackElo "2207"]
[Result "1/2-1/2"]
[Round "02"]
[TimeControl "180+2"]
[Date "2023.01.31"]
[WhiteClock "0:00:20"]
[BlackClock "0:00:05"]

1. e4 c5 2. Nf3 g6 3. d4 cxd4 4. Nxd4 Bg7 5. Nc3 Nc6 6. Be3 Nf6 7. Be2 O-O 8. Nb3 d6 9. O-O Be6 10. f4 Na5 11. Nxa5 Qxa5 12. h3 Rac8 13. Bd4 b5 14. f5 Bc4 15. Re1 b4 16. Bxc4 Rxc4 17. Bxf6 exf6 18. Nd5 Re8 19. Qd3 Qc5+ 20. Kh1 Rxc2 21. Nxb4 Rxb2 22. a3 Qf2 23. Rg1 Re2 24. Raf1 Qe3 25. Qxd6 Qxa3 26. Qd7 R2xe4 27. Nc6 Re3 28. fxg6 hxg6 29. Rf3 f5 30. Qxe8+ Rxe8 31. Rxa3 Bf8 32. Ra4 Bc5 33. Rc1 Bb6 34. Rac4 Kg7 35. Nb4 Re5 36. Nc6 Re2 37. Nb4 Re5 38. Nd3 Re3 39. Nf4 Re5 40. Nd3 Re3 41. Nb4 Re5 1/2-1/2


[Site "https://www.chess.com"]

[Event "Titled Tuesday Blitz January 31 Early 2023"]
[White "De Souza, Cristiano Gomes"]
[Black "Kokoszczynski, Jan"]
[WhiteFideId "2151758"]
[BlackFideId "1174460"]
[WhiteElo "2018"]
[BlackElo "2247"]
[Result "0-1"]
[Round "02"]
[TimeControl "180+2"]
[Date "2023.01.31"]
[WhiteClock "0:00:18"]
[BlackClock "0:00:15"]

1. d4 d5 2. c4 e6 3. Nc3 Nf6 4. Nf3 Be7 5. Bg5 O-O 6. e3 h6 7. Bh4 b6 8. Rc1 Bb7 9. Bxf6 Bxf6 10. cxd5 exd5 11. b4 c6 12. Bd3 a5 13. a3 axb4 14. axb4 Qd6 15. Qb3 Nd7 16. O-O Rfe8 17. Ra1 b5 18. Ne2 Nb6 19. Ng3 Nc4 20. Qc3 Be7 21. Rxa8 Rxa8 22. Rb1 Ra3 23. Qc2 g6 24. e4 Ra4 25. e5 Qe6 26. Bxc4 dxc4 27. Qc3 Ra2 28. h3 Bc8 29. Rb2 Ra1+ 30. Kh2 Qd5 31. Ne2 Qe4 32. Ng3 Qd5 33. Ne2 Bf5 34. Nf4 Qe4 35. Qe3 Qxe3 36. fxe3 c3 37. Rf2 c2 38. Ne2 Bd3 39. Nfg1 Rxg1 40. Nxg1 c1=Q 41. Nf3 Qxe3 0-1


[Site "https://www.chess.com"]

[Event "Titled Tuesday Blitz January 31 Early 2023"]
[White "Malka, Samuel"]
[Black "Alahakoon, Isuru"]
[WhiteFideId "20643675"]
[BlackFideId "9900993"]
[WhiteElo "2165"]
[BlackElo "1819"]
[Result "0-1"]
[Round "02"]
[TimeControl "180+2"]
[Date "2023.01.31"]
[WhiteClock "0:00:10"]
[BlackClock "0:00:09"]

1. d4 d5 2. c4 e6 3. Nf3 Nf6 4. g3 Bb4+ 5. Bd2 Bd6 6. Qc2 O-O 7. Bg2 c6 8. O-O Nbd7 9. b3 Ne4 10. Bc1 f5 11. Ba3 Bxa3 12. Nxa3 g5 13. Qb2 g4 14. Ne5 Nxe5 15. dxe5 h5 16. Nc2 f4 17. Bxe4 dxe4 18. Qd4 Qxd4 19. Nxd4 f3 20. e3 Kf7 21. h4 Bd7 22. c5 b6 23. b4 bxc5 24. bxc5 Rfb8 25. Rab1 a5 26. Rfd1 Ke7 27. Nc2 Bc8 28. Nd4 Rxb1 29. Rxb1 Kd7 30. Rb6 Ra6 31. Rb2 Ra7 32. Kf1 Ba6+ 33. Ke1 Bc4 34. Kd2 Kc7 35. a3 Ra8 36. Kc3 Bd5 37. Rb6 Ra7 38. Nc2 Ra8 39. Kd4 Rd8 40. Kc3 Ba2 41. Nd4 Bd5 42. Ra6 Rb8 43. Ra7+ Kd8 44. Rxa5 Rb1 45. Ra8+ Ke7 46. Ra7+ Kf8 47. Rc7 Rc1+ 48. Kb4 Rc4+ 49. Ka5 Rxd4 50. exd4 e3 51. Rb7 exf2 52. Rb1 Bc4 53. d5 exd5 54. Kb6 f1=Q 55. Rxf1 Bxf1 56. Kxc6 Bc4 57. Kd7 f2 58. e6 Bb5+ 59. Kd8 f1=Q 60. e7+ Kf7 61. c6 Qf6 62. c7 Qxe7+ 63. Kc8 Ba6+ 64. Kb8 Qe8+ 65. Ka7 Qc8 66. Kb6 Qb7+ 67. Kc5 Qxc7+ 68. Kxd5 Qc3 69. Ke4 Qxg3 70. Kf5 Qf3+ 71. Kg5 g3 72. a4 g2 73. a5 g1=Q+ 74. Kh6 Qf6+ 75. Kh7 Qgg7# 0-1


[Site "https://www.chess.com"]

[Event "Titled Tuesday Blitz January 31 Early 2023"]
[White "Lobachev, Yury"]
[Black "Przybylski, Wojciech"]
[WhiteFideId "24138177"]
[BlackFideId "1117599"]
[WhiteElo "2345"]
[BlackElo "2321"]
[Result "1-0"]
[Round "02"]
[TimeControl "180+2"]
[Date "2023.01.31"]
[WhiteClock "0:00:14"]
[BlackClock "0:00:11"]

1. c4 e5 2. Nc3 Nf6 3. g3 c6 4. Bg2 d5 5. cxd5 cxd5 6. d4 e4 7. Bg5 Be6 8. e3 Be7 9. Nge2 O-O 10. O-O Nc6 11. Nf4 h6 12. Bxf6 Bxf6 13. Qb3 Na5 14. Qb5 a6 15. Qe2 Rc8 16. Rac1 Nc4 17. Nxe6 fxe6 18. Nxe4 Be7 19. Nc3 b5 20. b3 Ba3 21. bxc4 Bxc1 22. Rxc1 Rxc4 23. Qb2 Qc7 24. Bf1 Rc6 25. Ne2 Rc8 26. Rxc6 Qxc6 27. Nf4 Qc2 28. Qa3 Qb1 29. Qxa6 Rc1 30. Qxe6+ Kh7 31. Qxd5 Rxf1+ 32. Kg2 Rg1+ 33. Kh3 Qf1+ 34. Kg4 Qd1+ 35. f3 Qc2 36. Qe4+ Qxe4 37. fxe4 Re1 38. Kf3 Kg8 39. e5 g5 40. Nd3 Rf1+ 41. Ke4 Kf7 42. d5 Ra1 43. Nb4 Rb1 44. Nd3 Ra1 45. e6+ Kf6 46. Nb4 Rb1 47. Nc6 Ra1 48. Nd4 Rxa2 49. Nxb5 Ra4+ 50. Nd4 h5 51. h3 h4 52. gxh4 gxh4 53. d6 Ra6 54. Kd5 Ra5+ 55. Kc6 Ra6+ 56. Kb5 Rxd6 57. Kc5 Rd8 58. e4 Ke7 59. e5 Rc8+ 60. Kd5 Rd8+ 61. Ke4 Rc8 62. Kf5 Rf8+ 63. Kg5 Rg8+ 64. Kxh4 Rg1 65. Nf3 Rg2 66. Ng5 Rg1 67. Kh5 Kf8 68. h4 Rh1 69. Kg4 Rg1+ 70. Kf5 Ke7 71. h5 Rh1 72. Kg6 Re1 73. h6 Rh1 74. h7 Kf8 75. e7+ Kxe7 76. Kg7 Rh5 77. Kg6 Rh1 78. Kg7 Rh5 79. h8=Q Rxh8 80. Kxh8 Kf8 81. Nf3 Ke7 82. Kh7 Ke6 83. Kh6 Kf5 84. Kg7 Kf4 85. Kf6 Kxf3 86. e6 Kf4 87. e7 Kg4 88. e8=Q Kf4 89. Qe5+ Kf3 90. Qd4 Kg3 91. Kf5 Kf3 92. Qc3+ Ke2 93. Kf4 Kd1 94. Qb2 Ke1 95. Kf3 Kd1 96. Ke3 Ke1 97. Qb1# 1-0


[Site "https://www.chess.com"]

[Event "Titled Tuesday Blitz January 31 Early 2023"]
[White "Dilmukhametov, Artur"]
[Black "Martin Duque, Jesus"]
[WhiteFideId "24179922"]
[BlackFideId "2208954"]
[WhiteElo "2276"]
[BlackElo "2386"]
[Result "0-1"]
[Round "02"]
[TimeControl "180+2"]
[Date "2023.01.31"]
[WhiteClock "0:02:06"]
[BlackClock "0:02:49"]

1. d4 Nf6 2. Nc3 b6 3. Bf4 d5 4. e3 Bb7 5. Nf3 e6 6. Bd3 Bb4 7. h3 O-O 8. g4 c5 9. g5 Ne4 10. Bxe4 dxe4 11. Ne5 cxd4 12. Qxd4 Qxd4 13. exd4 e3 14. Bxe3 Bxh1 15. Kd2 Bb7 16. h4 Nc6 17. h5 Nxe5 18. dxe5 Rfd8+ 19. Ke2 Rac8 20. g6 hxg6 21. hxg6 fxg6 22. Rg1 Bxc3 23. bxc3 Rxc3 24. Rxg6 Rxc2+ 25. Kf1 Rd1# 0-1


[Site "https://www.chess.com"]

[Event "Titled Tuesday Blitz January 31 Early 2023"]
[White "Zong, Davis"]
[Black "Dixit, Arun"]
[WhiteFideId "30903955"]
[BlackFideId "30937671"]
[WhiteElo "2151"]
[BlackElo "2301"]
[Result "0-1"]
[Round "02"]
[TimeControl "180+2"]
[Date "2023.01.31"]
[WhiteClock "0:00:14"]
[BlackClock "0:00:13"]

1. e4 c5 2. c3 Nc6 3. d4 cxd4 4. cxd4 d5 5. exd5 Qxd5 6. Nf3 e5 7. Nc3 Bb4 8. dxe5 Qxd1+ 9. Kxd1 Bg4 10. Bf4 O-O-O+ 11. Kc1 Nge7 12. a3 Bxc3 13. bxc3 Nd5 14. Bg5 Rd7 15. c4 Nb6 16. Be2 Re8 17. Rd1 Rxd1+ 18. Kxd1 Nxe5 19. c5 Na4 20. Rc1 Nb2+ 21. Kc2 Nxf3 22. Bxf3 Bxf3 23. gxf3 Re2+ 24. Kb3 Rxf2 25. Rc3 a5 26. c6 b5 27. Bc1 Nc4 28. a4 Nd6 29. axb5 Nxb5 30. Rd3 Kc7 31. Rd7+ Kxc6 32. Rxf7 Rxf3+ 33. Rxf3 Nd4+ 34. Ka4 Nxf3 35. Bf4 Kd5 36. Kxa5 Ke4 37. Bg3 g5 38. Kb4 g4 39. Kc3 h5 40. Kc2 h4 41. Bc7 Ke3 42. Kd1 Kf2 43. Bf4 Kg2 44. Ke2 Nxh2 45. Bg5 h3 46. Bf4 Nf3 0-1


[Site "https://www.chess.com"]

[Event "Titled Tuesday Blitz January 31 Early 2023"]
[White "Zochowski, Kacper"]
[Black "Ciuffoletti, Paolo"]
[WhiteFideId "1125494"]
[BlackFideId "807630"]
[WhiteElo "2262"]
[BlackElo "2106"]
[Result "1-0"]
[Round "02"]
[TimeControl "180+2"]
[Date "2023.01.31"]
[WhiteClock "0:01:02"]
[BlackClock "0:00:05"]

1. Nf3 d5 2. c4 c6 3. e3 Nf6 4. Nc3 g6 5. d4 Bg7 6. Be2 O-O 7. O-O Bg4 8. b3 Nbd7 9. Bb2 Bxf3 10. Bxf3 e5 11. cxd5 exd4 12. exd4 cxd5 13. Nxd5 Nxd5 14. Bxd5 Qb6 15. Qf3 Bxd4 16. Bxd4 Qxd4 17. Rad1 Qb6 18. Bxb7 Rad8 19. Qc6 Ne5 20. Qxb6 axb6 21. f4 Nd3 22. Be4 Nb4 23. Bb1 Nd5 24. Rf3 Nf6 25. Rfd3 Rxd3 26. Bxd3 Re8 27. g3 Nd5 28. Bc4 Nc3 29. Rd7 Rf8 30. a4 Kg7 31. Rb7 Kf6 32. Rxb6+ Kf5 33. Rc6 Ne4 34. Bd3 Rd8 35. Rc5+ 1-0


[Site "https://www.chess.com"]

[Event "Titled Tuesday Blitz January 31 Early 2023"]
[White "Mione, Dario"]
[Black "Mkrtchian, Lilit"]
[WhiteFideId "806625"]
[BlackFideId "13300601"]
[WhiteElo "2228"]
[BlackElo "2389"]
[Result "1-0"]
[Round "02"]
[TimeControl "180+2"]
[Date "2023.01.31"]
[WhiteClock "0:00:01"]
[BlackClock "0:00:01"]

1. e4 e6 2. Nf3 d5 3. Nc3 c5 4. d4 Nc6 5. exd5 exd5 6. dxc5 d4 7. Ne4 Bf5 8. Bd3 Bxe4 9. Bxe4 Bxc5 10. O-O Nge7 11. Re1 h6 12. c3 dxc3 13. Bxc6+ bxc6 14. Qc2 Qb6 15. bxc3 O-O 16. Be3 Nd5 17. Bd4 Rfe8 18. Qb3 Bxd4 19. cxd4 Rad8 20. g3 Nf6 21. Rxe8+ Rxe8 22. Qxb6 axb6 23. Rc1 Re6 24. Rb1 b5 25. a4 bxa4 26. Ra1 Nd5 27. Rxa4 g5 28. Ra8+ Kg7 29. Ne5 f6 30. Nc4 Re2 31. Ra7+ Kg6 32. Rd7 Rc2 33. Ne3 Nxe3 34. fxe3 Kf5 35. Kf1 Ke4 36. Re7+ Kf3 37. Ke1 Rxh2 38. Re6 Re2+ 39. Kd1 Rxe3 40. Rxf6+ Kxg3 41. Rxh6 Rc3 42. Rg6 g4 43. Kd2 Rc4 44. Kd3 Rc1 45. Kd2 Rc4 46. Kd3 Rc1 47. Kd2 Ra1 48. Rxc6 Kh2 49. Rh6+ Kg2 50. Ke3 g3 51. Ke4 Rd1 52. d5 Kf2 53. Ke5 g2 54. Rg6 g1=Q 55. Rxg1 1-0


[Site "https://www.chess.com"]

[Event "Titled Tuesday Blitz January 31 Early 2023"]
[White "Iljin, Timofey"]
[Black "Zampronha, Wladimir Camilo"]
[WhiteFideId "14110180"]
[BlackFideId "2103087"]
[WhiteElo "2329"]
[BlackElo "2176"]
[Result "0-1"]
[Round "02"]
[TimeControl "180+2"]
[Date "2023.01.31"]
[WhiteClock "0:00:13"]
[BlackClock "0:00:29"]

1. e4 c5 2. c3 Nf6 3. e5 Nd5 4. d4 cxd4 5. cxd4 b6 6. Nf3 Bb7 7. Nc3 e6 8. Bc4 Nxc3 9. bxc3 Qc7 10. Qe2 b5 11. Bxb5 Qxc3+ 12. Qd2 Qxa1 13. O-O Bd5 14. a4 Qa2 15. Bb2 a6 16. Ra1 Qb3 17. Be2 Bb4 18. Qc1 O-O 19. Bd1 Qc4 20. Qe3 Qc8 21. Rc1 Nc6 22. Bc2 Be7 23. Ng5 g6 24. Ba3 Qd8 25. Bxe7 Qxe7 26. h4 f5 27. exf6 Qxf6 28. h5 Qf4 29. Qxf4 Rxf4 30. hxg6 hxg6 31. Bxg6 Rg4 32. Bf7+ Kg7 33. Nf3 Bxf3 34. Kh2 Rxg2+ 35. Kh3 Rh8+ 36. Bh5 Rxh5# 0-1


[Site "https://www.chess.com"]

[Event "Titled Tuesday Blitz January 31 Early 2023"]
[White "Mortazavi, Ali"]
[Black "Kohler, Aran"]
[WhiteFideId "401323"]
[BlackFideId "1002856"]
[WhiteElo "2333"]
[BlackElo "2010"]
[Result "1-0"]
[Round "02"]
[TimeControl "180+2"]
[Date "2023.01.31"]
[WhiteClock "0:00:32"]
[BlackClock "0:00:01"]

1. e4 c6 2. Nc3 d5 3. Qf3 d4 4. Bc4 e6 5. Nce2 b5 6. Bb3 Nf6 7. d3 Bb4+ 8. c3 dxc3 9. bxc3 Be7 10. d4 Bb7 11. e5 Nd5 12. Qg3 Kf8 13. Nf3 c5 14. O-O c4 15. Bc2 h6 16. h4 a5 17. Nd2 Nc6 18. h5 Qc7 19. Ne4 Rg8 20. f4 f5 21. exf6 gxf6 22. Qh3 f5 23. N4g3 Kf7 24. Kh1 Nf6 25. d5 Nxd5 26. Nxf5 exf5 27. Bxf5 Nd8 28. Bg6+ Kf8 29. Nd4 Nf6 30. f5 Bc8 31. Bxh6+ Rg7 32. Rae1 Ra6 33. Re3 Kg8 34. Rfe1 Nc6 35. Nxc6 Rxc6 36. Bxg7 Nd5 37. h6 Nxe3 38. h7+ Kxg7 39. h8=Q# 1-0


[Site "https://www.chess.com"]

[Event "Titled Tuesday Blitz January 31 Early 2023"]
[White "Manukian, Artak"]
[Black "Fudalej, Michal"]
[WhiteFideId "13301373"]
[BlackFideId "1118781"]
[WhiteElo "2196"]
[BlackElo "2188"]
[Result "1-0"]
[Round "02"]
[TimeControl "180+2"]
[Date "2023.01.31"]
[WhiteClock "0:00:52"]
[BlackClock "0:00:12"]

1. e4 c6 2. d4 d5 3. e5 g6 4. c4 Bg7 5. Nc3 Be6 6. Qb3 Qb6 7. c5 Qc7 8. Bf4 Nd7 9. Nf3 Nh6 10. Ng5 Nf8 11. h3 Bd7 12. Bd3 Ne6 13. Nxe6 Bxe6 14. O-O Qd7 15. Rfe1 O-O 16. Bf1 f6 17. exf6 exf6 18. Bd6 Rfe8 19. Rad1 Bf7 20. Rxe8+ Rxe8 21. Ne2 f5 22. Nf4 g5 23. Ne2 f4 24. Nc1 Nf5 25. Be5 Bxe5 26. dxe5 Rxe5 27. Nd3 Re7 28. Re1 Qe8 29. Rxe7 Qxe7 30. Qa3 a6 31. Nc1 d4 32. Nb3 Bd5 33. Qb4 Qe1 34. Qxe1 1-0


[Site "https://www.chess.com"]

[Event "Titled Tuesday Blitz January 31 Early 2023"]
[White "Broca Jimenez, Fernando"]
[Black "Mohammed, Zozek Salah Mohammed"]
[WhiteFideId "5104742"]
[BlackFideId "4803361"]
[WhiteElo "2075"]
[BlackElo "2210"]
[Result "0-1"]
[Round "02"]
[TimeControl "180+2"]
[Date "2023.01.31"]
[WhiteClock "0:00:17"]
[BlackClock "0:00:53"]

1. e4 e6 2. d3 d5 3. Nd2 Nf6 4. g3 Be7 5. Bg2 O-O 6. Ngf3 c5 7. O-O Nc6 8. Re1 Qc7 9. h4 b5 10. Nh2 a5 11. Ndf3 Ba6 12. e5 Nd7 13. Bf4 Nd4 14. c3 Nxf3+ 15. Qxf3 b4 16. Rac1 bxc3 17. Rxc3 Rfc8 18. Ng4 Rab8 19. b3 d4 20. Rcc1 Bb7 21. Qe2 Bxg2 22. Kxg2 Nb6 23. f3 Nd5 24. Bd2 a4 25. bxa4 Rb2 26. Qd1 Rxa2 27. Kh3 h5 28. Nf2 Qc6 29. Ne4 Qxa4 30. Qe2 Ne3 31. f4 c4 32. Qxh5 Qa8 33. Bxe3 dxe3 34. Rxe3 cxd3 35. Rxc8+ Qxc8 36. Rxd3 Qc2 37. Rd2 Qxe4 38. Rxa2 Qh1+ 39. Kg4 Qd1+ 40. Kh3 Qxh5 41. g4 Qg6 42. Ra8+ Kh7 43. f5 exf5 44. Ra6 0-1


[Site "https://www.chess.com"]

[Event "Titled Tuesday Blitz January 31 Early 2023"]
[White "Fajdetic, Hrvoje"]
[Black "Erzhanov, Arman"]
[WhiteFideId "14501945"]
[BlackFideId "4138821"]
[WhiteElo "2151"]
[BlackElo "2228"]
[Result "1-0"]
[Round "02"]
[TimeControl "180+2"]
[Date "2023.01.31"]
[WhiteClock "0:00:11"]
[BlackClock "0:00:06"]

1. d4 d6 2. Nc3 e5 3. e4 exd4 4. Qxd4 Nc6 5. Bb5 Nf6 6. Nf3 Be7 7. Bg5 O-O 8. Qd2 Re8 9. O-O-O a6 10. Bxc6 bxc6 11. e5 Nd5 12. Nxd5 cxd5 13. Bxe7 Qxe7 14. exd6 Qxd6 15. Qxd5 Qh6+ 16. Qd2 Qb6 17. Rhe1 Be6 18. Nd4 Red8 19. Qc3 Bd5 20. Nf5 f6 21. Ne7+ Kh8 22. Nxd5 Qxf2 23. Rf1 Qxg2 24. Nxf6 Qg5+ 25. Kb1 gxf6 26. Qxc7 Rxd1+ 27. Rxd1 Re8 28. b3 Qe5 29. Qc6 Qe2 30. Rg1 Rg8 31. Rxg8+ Kxg8 32. Qxf6 Qe1+ 33. Kb2 a5 34. a4 Qb4 35. Qg5+ Kf7 36. Qf5+ Kg7 37. Qg5+ Kf7 38. Qe3 Kg6 39. h3 h5 40. c3 Qd6 41. Qe4+ Kg5 42. Qg2+ Kh4 43. Qf3 Qg3 44. Qf6+ Kxh3 45. Qa6 h4 46. Qxa5 Qf2+ 47. Ka3 Kg2 48. Qg5+ Kh2 49. a5 h3 50. a6 Kh1 51. Qd5+ Kg1 52. Qd1+ Kg2 53. Qd5+ Kh2 54. Qd6+ Kh1 55. Qc6+ Kg1 56. Qb7 h2 57. a7 h1=Q 58. a8=Q Qhh2 59. Qg7+ Kf1 60. Qab7 Qa2+ 61. Kb4 Qf4+ 62. c4 Qad2+ 63. Kb5 Qde3 64. Qd5 Qfe5 65. Qdxe5 Qxe5+ 66. Qxe5 Kf2 67. Qd4+ Kg2 68. c5 Kh3 69. c6 Kg3 70. c7 Kh3 71. c8=Q+ Kg2 72. Qe8 Kg3 73. Qf6 Kh3 74. Qg8 Kh2 75. Qfh8# 1-0


[Site "https://www.chess.com"]

[Event "Titled Tuesday Blitz January 31 Early 2023"]
[White "Clawitter, Craig"]
[Black "Jovic, Stanoje"]
[WhiteFideId "2023105"]
[BlackFideId "905020"]
[WhiteElo "2050"]
[BlackElo "2075"]
[Result "0-1"]
[Round "02"]
[TimeControl "180+2"]
[Date "2023.01.31"]
[WhiteClock "0:00:17"]
[BlackClock "0:01:48"]

1. e4 c6 2. d4 d5 3. e5 c5 4. dxc5 e6 5. a3 Bxc5 6. Nf3 Ne7 7. Bd3 Ng6 8. b4 Be7 9. O-O f6 10. Bb2 Nc6 11. Re1 Ngxe5 12. Nxe5 Nxe5 13. Bxe5 fxe5 14. Qh5+ Kf8 15. Qxe5 Bf6 16. Qf4 g5 17. Qf3 Kg7 18. Ra2 e5 19. Bf5 e4 20. Qh3 h5 21. Bxc8 Qxc8 22. Qg3 h4 23. Qd6 Rd8 24. Qc5 Qxc5 25. bxc5 Rac8 26. c4 dxc4 27. Rd2 Rxd2 28. Nxd2 Bc3 29. Re2 Bxd2 30. Rxd2 Rxc5 31. Rd7+ Kf6 32. Rxb7 c3 33. Rb1 c2 34. Rc1 Rd5 0-1


[Site "https://www.chess.com"]

[Event "Titled Tuesday Blitz January 31 Early 2023"]
[White "Dos Santos, Emmanuel"]
[Black "Nguyen Hong Nhung"]
[WhiteFideId "2103559"]
[BlackFideId "12412201"]
[WhiteElo "2261"]
[BlackElo "2003"]
[Result "0-1"]
[Round "02"]
[TimeControl "180+2"]
[Date "2023.01.31"]
[WhiteClock "0:00:11"]
[BlackClock "0:00:50"]

1. e4 c5 2. Nf3 e6 3. d4 cxd4 4. Nxd4 Nf6 5. Nc3 Nc6 6. Be2 Bb4 7. Qd3 d5 8. exd5 Nxd5 9. Nxc6 bxc6 10. Qc4 Bxc3+ 11. bxc3 Qd6 12. a4 Bd7 13. O-O Qe5 14. Ba3 Qxc3 15. Qh4 c5 16. Rfd1 O-O 17. Ra2 Rfc8 18. Bb2 Qb4 19. c4 Bc6 20. cxd5 Qxh4 0-1


[Site "https://www.chess.com"]

[Event "Titled Tuesday Blitz January 31 Early 2023"]
[White "Alhadad, Mahmoud"]
[Black "Kochetov, Andrey"]
[WhiteFideId "11501863"]
[BlackFideId "24130532"]
[WhiteElo "1840"]
[BlackElo "2165"]
[Result "0-1"]
[Round "02"]
[TimeControl "180+2"]
[Date "2023.01.31"]
[WhiteClock "0:00:03"]
[BlackClock "0:00:06"]

1. e4 c5 2. Nc3 Nc6 3. Bb5 Nd4 4. Nf3 e6 5. O-O a6 6. Bd3 Ne7 7. Nxd4 cxd4 8. Ne2 Nc6 9. b3 Nb4 10. Bb2 e5 11. f4 Nxd3 12. cxd3 d6 13. Rc1 Be7 14. Ng3 O-O 15. Qc2 Bd7 16. Qc7 Bc6 17. Qxd8 Rfxd8 18. Nf5 Bf8 19. Ba3 g6 20. Ng3 Rac8 21. f5 Bb5 22. Rf3 Rxc1+ 23. Bxc1 Bh6 24. fxg6 fxg6 25. Kf1 Rc8 26. Ne2 Rc2 27. a4 Be8 28. Ba3 Bf8 29. Rxf8+ Kxf8 30. Bxd6+ Kf7 31. Bxe5 Rxd2 32. Nf4 Rb2 33. Bxd4 Rxb3 34. Ke2 Bxa4 35. h4 Bb5 36. Ke3 a5 37. Bc5 a4 38. Kd2 a3 39. Bxa3 Rxa3 40. Nd5 Rxd3+ 41. Kc2 Rg3 42. Nc7 Bd3+ 43. Kd2 Bxe4 44. Nb5 Rxg2+ 45. Ke3 Rh2 46. Kxe4 Rxh4+ 47. Kf3 Rh5 48. Nd6+ Ke6 49. Nxb7 Rb5 50. Nd8+ Kf6 51. Nc6 h5 52. Nd4 Ra5 53. Nc6 Ra4 54. Nd8 g5 55. Nb7 h4 56. Nd6 Rf4+ 57. Kg2 Kg6 58. Nb5 g4 59. Nc3 Kg5 60. Nd5 Rd4 61. Ne7 Re4 62. Nc6 h3+ 63. Kg3 Re3+ 64. Kh2 Kh4 65. Nd4 g3+ 66. Kg1 Kg4 67. Kf1 g2+ 68. Kf2 Rg3 69. Ne2 h2 70. Nxg3 g1=Q+ 71. Ke2 Kxg3 72. Kd3 h1=Q 73. Ke2 Qf3+ 74. Kd2 Qgd1# 0-1


[Site "https://www.chess.com"]